Cogmind - Beta 9.6 @@@ ROGUE MODE // 2020.04.26 @ 14:04:13 Player: Sleece Result: Destroyed by as-64151 with Assembled Blade Performance ------------- Evolutions (0) 0 Regions Visited (2) 400 Robots Destroyed (21) 105 Value Destroyed (499) 499 Prototype IDs (0) 0 Alien Tech Used (0) 0 Bonus (0) 0 TOTAL SCORE: 1004 Bonus ------- None Cogmind --------- Core Integrity 0/250 Matter 155/300 Energy 125/125 System Corruption 0% Temperature Cool (20) Movement Core (250) Ox4 Location -10/Mines Parts ------- > --- POWER (1) -------- Light Ion Engine > --- PROPULSION (2) --- (None) > --- UTILITY (2) ------ Heat Sink Small Storage Unit > --- WEAPON (2) ------- Improved Light Cannon Grenade Launcher > --- INVENTORY (6) ---- Aluminum Leg Aluminum Leg Hover Unit Improved Light Cannon Mining Laser Mace Peak State ------------ > --- POWER ------------ Light Ion Engine > --- PROPULSION ------- Aluminum Leg Aluminum Leg > --- UTILITY ---------- Heat Sink Small Storage Unit > --- WEAPON ----------- Improved Light Cannon Improved Light Cannon > --- INVENTORY -------- Aluminum Leg Aluminum Leg Aluminum Leg Light Assault Rifle Grenade Launcher Mace [Rating: 9] Favorites ----------- Power Ion Engine Engine Ion Engine Propulsion Aluminum Leg Leg Aluminum Leg Utility Small Storage Unit Device Heat Sink Storage Small Storage Unit Protection Light Armor Plating Weapon Improved Light Cannon Energy Gun Medium Laser Ballistic Gun Light Assault Rifle Ballistic Cannon Improved Light Cannon Launcher Grenade Launcher Impact Weapon Mace Build | -11 -10 -10 ------- Run | Scr Mat Min Slots Evolved . | . . . Power . | . . . Propulsion . | . . . Utility . | . . . Weapon . | . . . Parts Attached 21 | 6 14 1 Power 3 | 1 2 . Engine 3 | 1 2 . Core . | . . . Reactor . | . . . Propulsion 9 | 2 7 . Treads . | . . . Leg 9 | 2 7 . Wheel . | . . . Hover . | . . . Flight . | . . . Utility 3 | 1 2 . Device 1 | . 1 . Storage 1 | 1 . . Processor . | . . . Hackware . | . . . Protection 1 | . 1 . Artifact . | . . . Weapon 6 | 2 3 1 Energy Gun 1 | 1 . . Energy Cannon . | . . . Ballistic Gun 1 | 1 . . Ballistic Cannon 2 | . 2 . Launcher 1 | . . 1 Special Weapon . | . . . Impact Weapon 1 | . 1 . Slashing Weapon . | . . . Piercing Weapon . | . . . Special Melee Weapon . | . . . Unidentified Prototypes . | . . . Parts Lost 5 | . 3 2 Power 1 | . 1 . Propulsion 2 | . . 2 Utility 1 | . 1 . Weapon 1 | . 1 . Highest Loss Streak 2 | . 2 2 Average Slot Usage (%) 88 | . 87 95 Engine 11 | . 11 14 Leg 27 | . 28 23 Device 4 | . 4 14 Storage 14 | . 14 14 Energy Gun 8 | . 9 . Ballistic Gun 8 | . 8 . Ballistic Cannon 10 | . 10 14 Naked Turns . | . . . Heaviest Build 16 | 12 16 14 Greatest Support 20 | 20 20 20 Greatest Overweight (x) . | . . . Average Overweight (x) . | . . . Largest Inventory Capacity 6 | 6 6 6 Average Capacity 5 | 4 6 6 Most Carried 6 | 2 6 6 Average Carried 4 | 1 4 6 Final Capacity 6 | 6 6 6 Final Carried 6 | 2 6 6 Class Distribution -------------------- 90% | Mutant 9% | Scavenger-Mutant Dominant Class ---------------- Mutant | -10/Materials Scavenger-Mutant | -10/Mines Resources | -11 -10 -10 ----------- Run | Scr Mat Min Matter Collected 527 | 234 293 . Remotely . | . . . Salvage Created 641 | . 641 . Parts 46 | . 46 . Haulers Intercepted . | . . . Recyclers Shooed 6 | . 6 . Parts Field Recycled . | . . . Retrieved Matter . | . . . Parts Self-Destructed . | . . . Prevented . | . . . Kills | -11 -10 -10 ------- Run | Scr Mat Min Combat Hostiles Destroyed 12 | . 12 . Guns 7 | . 7 . Cannons 5 | . 5 . Classes Destroyed 5 | . 5 . Worker 4 | . 4 . Builder 2 | . 2 . Recycler 1 | . 1 . Watcher 2 | . 2 . Grunt 12 | . 12 . Best Kill Streak 7 | . 7 . Combat Bots Only 5 | . 5 . Max Kills in Single Turn 2 | . 2 . Gunslinging . | . . . Exploded . | . . . Melee . | . . . Uniques/NPCs Destroyed . | . . . Combat | -11 -10 -10 -------- Run | Scr Mat Min Damage Taken 1075 | . 724 351 Core 268 | . 128 140 Absorbed by Shields . | . . . Core Remaining (%) 100 | 100 . . Volleys Fired 77 | . 74 3 Largest 2 | . 2 2 Hottest 89 | . 89 69 Shots Fired 142 | . 138 4 Gun 82 | . 82 . Cannon 59 | . 56 3 Launcher 1 | . . 1 Special . | . . . Kinetic 104 | . 101 3 Thermal 37 | . 37 . Explosive 1 | . . 1 Electromagnetic . | . . . Robot Hit Streak 11 | . 11 . Robot Miss Streak 7 | . 5 7 Penetration Max . | . . . Secondary Targets 2 | . 2 . Max Gunslinging Chain 1 | . 1 . Shots Hit Robots 77 | . 77 . Core Hits 39 | . 35 4 Critical Hits 2 | . 2 . Critical Kills 2 | . 2 . Critical Parts Destroyed . | . . . Melee Attacks 2 | . . 2 Impact 2 | . . 2 Slashing . | . . . Piercing . | . . . Sneak Attacks . | . . . Combat Hostiles . | . . . Follow-up Attacks . | . . . Damage Inflicted 1274 | . 1100 174 Guns 526 | . 526 . Cannons 574 | . 574 . Explosions 173 | . . 173 Melee . | . . . Ramming 1 | . . 1 Kinetic 798 | . 798 . Thermal 302 | . 302 . Explosive 173 | . . 173 Electromagnetic . | . . . Impact . | . . . Slashing . | . . . Piercing . | . . . Highest Corruption . | . . . Average Corruption . | . . . Corruption Purged . | . . . Overload Shots . | . . . Overflow Damage . | . . . Projectiles . | . . . Explosions . | . . . Melee . | . . . Knockbacks 5 | . 5 . Impact . | . . . Kinetic 5 | . 5 . Secondary . | . . . Self-Inflicted Damage 24 | . . 24 Shots 1 | . . 1 Rammed 1 | . . 1 Targets Rammed 1 | . . 1 Kicked . | . . . Crushed . | . . . Highest Temperature 478 | . 478 . Average Temperature 132 | . 132 . Received Heat Transfer 491 | . 411 80 Effects 6 | . 6 . Shutdowns 1 | . 1 . Energy Bleed 2 | . 2 . Interference 2 | . 2 . Damage (major) 1 | . 1 . Siege Activations . | . . . Robots Corrupted . | . . . Combat Hostiles . | . . . Parts Fried . | . . . Impact Corruptions . | . . . Robots Melted . | . . . Combat Hostiles . | . . . Parts Melted . | . . . Heat Transferred 888 | . 888 . Parts Sabotaged . | . . . Parts Stolen . | . . . Parts Stripped . | . . . Power Chain Reactions . | . . . Missiles Intercepted . | . . . Alert | -11 -10 -10 ------- Run | Scr Mat Min Peak Influence 326 | . 326 82 Average Influence 132 | . 148 79 Maximum Alert Level 1 | . 1 . Low Security (%) 66 | 100 61 100 Level 1 33 | . 38 . Level 2 . | . . . Level 3 . | . . . Level 4 . | . . . Level 5 . | . . . High Security . | . . . Max Security . | . . . Squads Dispatched 2 | . 2 . Investigation . | . . . Extermination . | . . . Reinforcement 2 | . 2 . Assault . | . . . Garrison . | . . . Intercept . | . . . Construction Impeded . | . . . Haulers Reinforced . | . . . Stealth | -11 -10 -10 --------- Run | Scr Mat Min Distress Signals 2 | . 2 . Communications Jammed . | . . . Distress Signals . | . . . Times Spotted 36 | . 26 10 Peak Tracking Total 12 | . 5 12 Tactical Retreats . | . . . Traps | -11 -10 -10 ------- Run | Scr Mat Min Traps Triggered . | . . . Indirectly . | . . . Trap Hack Attempts . | . . . Triggered . | . . . Disarmed . | . . . Reprogrammed . | . . . Reused . | . . . Traps Extracted . | . . . Installed . | . . . Triggered . | . . . Machines | -11 -10 -10 ---------- Run | Scr Mat Min Machines Disabled . | . . . Max in Single Turn . | . . . Machines Sabotaged . | . . . Garrisons Compromised . | . . . Overloaded Fab Kills . | . . . Fab Network Shutdowns . | . . . Hacking | -11 -10 -10 --------- Run | Scr Mat Min Machines Accessed 1 | . 1 . Terminals 1 | . 1 . Fabricators . | . . . Repair Stations . | . . . Recycling Units . | . . . Scanalyzers . | . . . Garrison Access . | . . . Total Hacks 1 | . 1 . Successful 1 | . 1 . Failed . | . . . Catastrophic . | . . . Database Lockouts . | . . . Manual . | . . . Terminals 1 | . 1 . Fabricators . | . . . Repair Stations . | . . . Recycling Units . | . . . Scanalyzers . | . . . Garrison Access . | . . . Terminal Hacks 1 | . 1 . Zone Layout 1 | . 1 . Fabricator Hacks . | . . . Repair Station Hacks . | . . . Recycling Unit Hacks . | . . . Scanalyzer . | . . . Garrison Access Hacks . | . . . Unauthorized Hacks . | . . . Terminals . | . . . Fabricators . | . . . Repair Stations . | . . . Recycling Units . | . . . Scanalyzers . | . . . Garrison Access . | . . . Data Cores Recovered . | . . . Used . | . . . Hacking Detections 1 | . 1 . Full Trace Events . | . . . Feedback Events . | . . . Feedback Blocked . | . . . Robot Schematics Acquired . | . . . Robots Built . | . . . Matter . | . . . Time . | . . . Total Robot Build Rating . | . . . Part Schematics Acquired . | . . . Parts Built . | . . . Matter . | . . . Time . | . . . Total Part Build Rating . | . . . Parts Repaired . | . . . Time . | . . . Parts Recycled . | . . . Recycled Matter . | . . . Retrieved Matter . | . . . Retrieved Components . | . . . Parts Scanalyzed . | . . . Part Schematics Acquired . | . . . Parts Damaged . | . . . Bothacking | -11 -10 -10 ------------ Run | Scr Mat Min Used RIF Installer . | . . . Robots Hacked . | . . . Non-combat . | . . . Combat . | . . . Robot Hacks Applied . | . . . Relay Couplers Released . | . . . Robots Rewired . | . . . Allies Hacked . | . . . Hacks Repelled . | . . . Allies | -11 -10 -10 -------- Run | Scr Mat Min Total Allies . | . . . Largest Group . | . . . Highest-Rated Group . | . . . Highest-Rated Ally . | . . . Total Orders . | . . . Ally Attacks . | . . . Total Damage . | . . . Kills . | . . . Allies Corrupted . | . . . Allies Melted . | . . . Intel | -11 -10 -10 ------- Run | Scr Mat Min Robot Analysis Total . | . . . Derelict Logs Recovered . | . . . Drone Launches . | . . . Drone Recoveries . | . . . Exploration | -11 -10 -10 ------------- Run | Scr Mat Min Turns Passed 639 | 58 557 24 Spaces Moved 320 | 42 270 8 Core 5 | 5 . . Treads . | . . . Legs 315 | 37 270 8 Wheels . | . . . Hover . | . . . Flight . | . . . Fastest Speed 50 | 50 120 120 Average Speed 118 | 111 120 120 Slowest Speed 120 | 120 120 120 Overloaded Moves . | . . . Propulsion Burnouts . | . . . Robots Hopped . | . . . Cave-ins Triggered . | . . . Exploration Rate (%) 17 | 3 43 5 Regions Visited 2 Branch Regions 1 Pre-discovered Areas . | . . . Known Exits Taken . | . . . Unknown Exits Taken 2 | 1 1 . Scrap Searched . | . . . Spaces Dug . | . . . Terrain Destroyed 9 | . . 9 Melee . | . . . Projectile 1 | . . 1 AOE 8 | . . 8 Actions | -11 -10 -10 --------- Run | Scr Mat Min Total 440 | 50 375 15 Wait 1 | . 1 . Move 318 | 41 269 8 Hop . | . . . Pick Up 11 | 3 8 . Fast Attach 6 | 5 1 . Attach 4 | 1 3 . Detach . | . . . Swap 11 | . 10 1 Drop 9 | . 9 . Fire 77 | . 74 3 Melee 2 | . . 2 Ram . | . . . Kick 1 | . . 1 Crush . | . . . Escape Stasis . | . . . Rewire . | . . . Trap . | . . . Miscellaneous . | . . . Route ------- -11/Scrapyard -10/Materials -10/Mines History --------- Turn | Location | Event 8 | -11/Scrapyard | Discovered new exit (range 16) 59 | -11/Scrapyard | Entered Materials 311 | -10/Materials | Build established: Mutant 552 | -10/Materials | Core integrity fell below 50% 586 | -10/Materials | Discovered new exit (range 9) 616 | -10/Materials | Entered Mines 617 | -10/Mines | Assembled infested the area 640 | -10/Mines | Core integrity fell below 20% 640 | -10/Mines | Destroyed by as-64151 with Assembled Blade Last Messages --------------- G-34 Mercenary destroyed. W-16 Scout destroyed. Acquired 19 matter. Acquired Hover Unit. EXIT=FOUND Acquired 9 matter. Acquired 31 matter. Dropped Aluminum Leg. Acquired 12 matter. Dropped Lgt. Ion Engine. U-05 Engineer lays Concrete. Dropped Lgt. Assault Rifle. Acquired Mining Laser. LOCATION=UNKNOWN GOAL=ESCAPE ALERT: Infestation in the mines, dispatching Demolisher response squad. Aluminum Leg destroyed. as-86755 destroyed. Slammed into as-83792. Aluminum Leg destroyed. Map ----- +----------------------------------------------------+ | | | | | | | | | | | | | | | | | | | | | | | | | | | | | | | ???????????????????????????????????????????????? | | ???????????????????#####???????????????????????? | | ??????????????????## ##??????????????????????? | | ?????????????????## #??????????????????????? | | ????????????????## #??????????????????????? | | ????????????????# ##??###?????????????????? | | ????????????????## ##### ##????????????????? | | ?????????????????## #### # ##???????????????? | | ??????????????????# # # ;#???????????????? | | ??????????????????# a #????????????????? | | ??????????????????####a@ ##????????????????? | | ?????????????????????#aaaa####?????????????????? | | ?????????????????????# a #????????????????????? | | ?????????????????????### #????????????????????? | | ????????????????????????a$ ????????????????????? | | ????????????????????????a###???????????????????? | | ???????????????????????? #?????????????????????? | | ???????????????????????? ?????????????????????? | | ???????????????????????? ?????????????????????? | | ????????????????????????? ?????????????????????? | | ????????????????????????? ?????????????????????? | | ?????????????????????????##????????????????????? | | ???????????????????????????????????????????????? | | ???????????????????????????????????????????????? | | ???????????????????????????????????????????????? | | ???????????????????????????????????????????????? | | ???????????????????????????????????????????????? | | ???????????????????????????????????????????????? | | ???????????????????????????????????????????????? | | ???????????????????????????????????????????????? | | ???????????????????????????????????????????????? | | ???????????????????????????????????????????????? | | ???????????????????????????????????????????????? | | ???????????????????????????????????????????????? | | ???????????????????????????????????????????????? | +----------------------------------------------------+ Best States ------------- Heat Dissipation 35 Energy Generation 10 Energy Capacity 250 Matter Stores 300 Matter Capacity 300 Sight Range 16 Terrain Scan Density 10 Armor Coverage 150 Evasion (%) 40 Item Schematics ----------------- None Robot Schematics ------------------ None Fabricated ------------ Nothing Alien Tech Used ----------------- None Achievements -------------- Hey, That's Mine! Challenges ------------ None Game ------ Seed VariableNuclearDerivative Manual? 0 Play Time 00:10:19 Cumulative 4.0 hours Start 2020.04.26 @ 13:48:43 End 2020.04.26 @ 14:04:13 Sessions 1 Manual Loads 0 Difficulty Rogue Special Mode None Game No. 7 Rogue 7 Adventurer 0 Explorer 0 Win Type - Total 0 Types 0/0/0/0/0/0/0 Lore% 17 Gallery% 16 Achievement% 15 Wizard Run 0 Options --------- ASCII 0 Keyboard 0 Movement Mouse Keybinds 0 Fullscreen 2 Font 24/Crisp Map View 76x50 Tactical HUD 0 Map Filters NONE Filters NONE Steam 1 RUN: 21dabfc8-bf3b-4409-ad81-03ed2f8de319